 Dungeon Crawl Stone Soup version 0.26-a0-682-g294304f6e8 (webtiles) character file.

Game seed: 15930678096401607894

4844 Kinoniko the Basher (level 10, -1/117 HPs)
             Began as a Black Draconian Berserker on Oct 20, 2020.
             Was an Elder of Trog.
             Slain by Urug
             ... wielding a +2 broad axe of freezing
              (4 damage)
             ... on level 10 of the Dungeon.
             The game lasted 00:10:43 (9321 turns).

Kinoniko the Basher (Black Draconian Berserker)     Turns: 9321, Time: 00:10:43

Health: -1/117     AC: 12    Str: 20    XL:     10   Next: 25%
Magic:  10/10      EV: 13    Int:  7    God:    Trog [****..]
Gold:   611        SH:  0    Dex: 14    Spells: 9/9 levels left

rFire    + . .     SeeInvis .   E - +3 Maxwell's thermic engine {flame, freeze}
rCold    . . .     Faith    .   (no shield)
rNeg     . . .     Spirit   .   (armour unavailable)
rPois    +         Reflect  .   (helmet restricted)
rElec    +         Harm     .   i - +2 cloak {MR+}
rCorr    .         Rampage  .   y - +1 pair of gloves
MR       +....                  (no boots)
Stlth    ..........             (no amulet)
HPRegen  0.29/turn              h - ring of poison resistance
MPRegen  0.12/turn              q - ring of protection from fire

@: berserking, slowed
A: breathe lightning, unfitting armour, electricity resistance, cold-blooded, AC
+7
a: Breathe Lightning, Berserk, Trog's Hand, Brothers in Arms, Renounce Religion


You were on level 10 of the Dungeon.
You worshipped Trog.
Trog was greatly pleased with you.
You visited 1 branch of the dungeon, and saw 10 of its levels.

You collected 611 gold pieces.

Inventory:

Hand Weapons
 a - a +0 hand axe
 o - a +2 hand axe of freezing
 v - the +3 whip "Quwn" {vorpal, Dex+7}
   (You found it on level 5 of the Dungeon)

   It inflicts extra damage upon your enemies.
   It affects your dexterity (+7).
 E - the +3 Maxwell's thermic engine (weapon) {flame, freeze}
   (You found it on level 8 of the Dungeon)

   It has been specially enchanted to burn those struck by it, causing extra
   injury to most foes and up to half again as much damage against particularly
   susceptible opponents.
   Big, fiery blades are also staple armaments of hydra-hunters.
   It has been specially enchanted to freeze those struck by it, causing extra
   injury to most foes and up to half again as much damage against particularly
   susceptible opponents.
Armour
 b - a scarf of harm
 i - a +2 cloak of magic resistance (worn)
 y - a +1 pair of gloves (worn)
Jewellery
 h - a ring of poison resistance (left hand)
 q - a ring of protection from fire (right hand)
 B - an uncursed ring of ice
 J - a cursed -4 ring of evasion
 K - an uncursed ring of positive energy
Wands
 e - a wand of flame (51)
 r - a wand of random effects (60)
 w - a wand of enslavement (7)
 z - a wand of digging (2)
 C - a wand of iceblast (12)
Scrolls
 d - 3 scrolls of teleportation
 f - 2 scrolls of fog
 g - 3 scrolls of amnesia
 l - 3 scrolls of magic mapping
 p - 5 scrolls of remove curse
 u - 2 scrolls of immolation
 A - a scroll of identify
 D - a scroll of enchant weapon
 G - 2 scrolls of blinking
Potions
 c - 11 potions of curing
 j - 2 potions of resistance
 k - 5 potions of brilliance
 m - 3 potions of stabbing
 n - a potion of haste
 s - a potion of magic {unknown}
 t - 2 potions of lignification
 x - a potion of cancellation {unknown}
 H - 2 potions of might {unknown}
 I - a potion of invisibility {unknown}


   Skills:
 - Level 4.0 Fighting
 * Level 5.4 Long Blades
 - Level 8.9(11.1) Axes
 - Level 10.7(12.0) Maces & Flails
 - Level 3.3 Dodging
 - Level 0.6 Stealth


You had 9 spell levels left.
You didn't know any spells.
Your spell library contained the following spells:

 Spells                   Type           Power        Failure   Level
 Beastly Appendage        Tmut           #.....       43%         1
 Wereblood                Tmut           #.......     56%         2
 Spider Form              Tmut/Pois      #.........   80%         3
 Cause Fear               Hex            #.........   99%         4
 Ice Form                 Ice/Tmut       #.......     99%         4
 Blade Hands              Tmut           #.........   100%        5
 Silence                  Hex/Air        #.........   100%        5
 Yara's Violent Unravell  Hex/Tmut       #.........   100%        5
 Discord                  Hex            #.........   100%        8


Dungeon Overview and Level Annotations

Branches:
Dungeon (10/15)            Temple (0/1) D:6
   Lair: D:8-11         Orc: D:9-12

Altars:
Sif Muna
Trog
Xom

Shops:
D:4 !   D:7 :   D:10 (

Portals:
Abyss: D:3

Annotations:
D:3 2 transporters, stillor's ghost, amateur TeAE
D:10 Urug


Innate Abilities, Weirdness & Mutations

You can breathe wild blasts of lightning.
Your glossy black scales are hard. (AC +7)
You cannot fit into any form of body armour.
You are resistant to electric shocks. (rElec)
You are cold-blooded and may be slowed by cold attacks.


Message History

Urug is lightly wounded.
Urug hits you with a +2 broad axe of freezing!!
* * * LOW HITPOINT WARNING * * *
Urug freezes you.
* * * LOW HITPOINT WARNING * * *
You closely miss Urug.
Urug is lightly wounded.
You closely miss Urug.
Urug is lightly wounded.
Urug hits you with a +2 broad axe of freezing.
* * * LOW HITPOINT WARNING * * *
You feel yourself slow down. Urug freezes you.
* * * LOW HITPOINT WARNING * * *
You are too berserk!
You hit Urug. You burn Urug. You freeze Urug.
Urug is moderately wounded.
Urug hits you with a +2 broad axe of freezing!
* * * LOW HITPOINT WARNING * * *
Urug freezes you.
You die...

.# .# ##+# .# ##...## .#
#.....## ### .#
.......## ##.###.#####
........####..........##
........'..(....@o......
........####((.......?##
.......## ##..########
#.....## ##.# ##...##
#.# ##'## #.# #.# #.#
#.# #.# ##.##########.#


You could see Urug.

Vanquished Creatures
  A two-headed ogre (D:8)
  A troll (D:9)
  Sigmund (D:4)
  A water moccasin (D:7)
  2 orc warriors
  3 sky beasts
  3 phantoms
  An ice beast (D:6)
  A black bear (D:7)
  4 ogres
  6 centaurs
  A big kobold (D:8)
  8 bullfrogs
  4 scorpions
  A wight (D:8)
  2 howler monkeys (D:6)
  A bullfrog zombie (D:9)
  4 jellies
  A quasit (D:6)
  4 bullfrog skeletons
  4 hounds
  5 orc wizards
  An orc priest (D:4)
  3 iguanas
  7 worker ants
  6 gnolls
  A howler monkey skeleton (D:8)
  9 adders
  3 white imps
  2 ufetubi
  An ooze (D:4)
  An adder zombie (D:8)
  An adder skeleton (D:4)
  2 worms (D:2)
  A dart slug (D:1)
  3 leopard geckos
  23 orcs
  6 bats
  2 giant cockroaches (D:2)
  13 goblins
  9 hobgoblins
  5 jackals
  2 quokkas
  2 ball pythons
  4 frilled lizards
  A jackal skeleton (D:7)
  9 kobolds
  A quokka skeleton (D:8)
  13 rats
190 creatures vanquished.

Vanquished Creatures (others)
  A wizard (D:5)
  An adder (D:6)
2 creatures vanquished.

Grand Total: 192 creatures vanquished

Notes
Turn   | Place    | Note
-------+----------+-------------------------------------------
     0 | D:1      | Kinoniko the Draconian Berserker began the quest for the
                  | Orb.
     0 | D:1      | Reached XP level 1. HP: 19/19 MP: 1/1
   260 | D:1      | Reached XP level 2. HP: 26/26 MP: 2/2
   588 | D:1      | Reached ** piety under Trog
   636 | D:1      | Reached XP level 3. HP: 32/33 MP: 3/3
  1398 | D:2      | Reached XP level 4. HP: 38/40 MP: 4/4
  2076 | D:3      | Noticed a bullfrog
  2082 | D:3      | Killed a bullfrog
  2082 | D:3      | Reached XP level 5. HP: 46/46 MP: 5/5
  2153 | D:3      | Reached skill level 5 in Axes
  2440 | D:3      | Found a shimmering blue altar of Sif Muna.
  2919 | D:3      | Found a transporter.
  2949 | D:3      | Found a transporter.
  2959 | D:3      | Noticed a small abomination
  2960 | D:3      | Noticed stillor's ghost (amateur TeAE)
  2977 | D:3      | Identified the +0 halberd of Pandemonium {distort, rN+
                  | Dex+4}
  3151 | D:3      | Found a one-way gate to the infinite horrors of the Abyss.
  3335 | D:4      | Reached XP level 6. HP: 43/52 MP: 6/6
  3772 | D:4      | Noticed Sigmund
  3778 | D:4      | Killed Sigmund
  3871 | D:4      | Found Tosasept's Distillery.
  4068 | D:4      | Reached *** piety under Trog
  4074 | D:4      | Your scales start taking on a glossy black colour.
  4074 | D:4      | Reached XP level 7. HP: 59/59 MP: 7/7
  4074 | D:4      | Gained mutation: You are resistant to electric shocks.
                  | (rElec) [Black Draconian growth]
  4365 | D:5      | Entered Level 5 of the Dungeon
  4965 | D:5      | Got a glimmering whip
  4986 | D:5      | Identified the +3 whip "Quwn" {vorpal, Dex+7} (You found it
                  | on level 5 of the Dungeon)
  5005 | D:5      | Found a bloodstained altar of Trog.
  5006 | D:5      | Noticed a wizard
  5011 | D:5      | Killed a wizard
  5231 | D:6      | Reached skill level 1 in Maces & Flails
  5274 | D:6      | Reached skill level 2 in Maces & Flails
  5278 | D:6      | Reached XP level 8. HP: 66/66 MP: 8/8
  5282 | D:6      | Reached skill level 3 in Maces & Flails
  5399 | D:6      | Reached skill level 4 in Maces & Flails
  5640 | D:6      | Found a staircase to the Ecumenical Temple.
  5646 | D:6      | Reached skill level 5 in Maces & Flails
  5752 | D:6      | Reached skill level 6 in Maces & Flails
  5891 | D:6      | Reached skill level 7 in Maces & Flails
  6251 | D:7      | Reached XP level 9. HP: 68/71 MP: 9/9
  6418 | D:7      | Reached skill level 8 in Maces & Flails
  6484 | D:7      | Found Diniph's Book Boutique.
  6789 | D:7      | Reached **** piety under Trog
  6803 | D:7      | Reached skill level 9 in Maces & Flails
  7433 | D:8      | Noticed a two-headed ogre
  7439 | D:8      | Killed a two-headed ogre
  7439 | D:8      | Reached skill level 10 in Maces & Flails
  7775 | D:8      | Found a shimmering altar of Xom.
  7795 | D:8      | Found the +2 Maxwell's thermic engine {flame, freeze}
  7965 | D:8      | Reached skill level 1 in Long Blades
  8156 | D:8      | Reached XP level 10. HP: 78/78 MP: 10/10
  8729 | D:9      | Reached skill level 5 in Long Blades
  9135 | D:10     | Entered Level 10 of the Dungeon
  9156 | D:10     | Found Ycauwn's Weapon Emporium.
  9309 | D:10     | Noticed Urug
  9321 | D:10     | HP: 3/117 [Urug/+2 broad axe of freezing (9)]
  9321 | D:10     | Slain by Urug

Illustrated notes

Levels and vault maps discovered:
D:1:      dpeg_arrival_shelter, layout_loops_corners, st_stairs_6,
          minmay_pentomino_w4
D:2:      layout_basic
D:3:      layout_basic, gammafunk_ghost_abyssal_escape, tgw_sif
D:4:      layout_loops_corners, serial_shops, shop_statue, uniq_sigmund
D:5:      layout_gridville, trog_wizard
D:6:      kennysheep_spiral_hall, layout_basic, minmay_temple_entry_trees,
          hangedman_decor_opposing, lemuel_old_faithful
D:7:      layout_gridville, serial_shops, nicolae_shop_crystal
D:8:      minmay_bubble_buster, layout_gridville, kennysheep_little_box
D:9:      layout_rooms
D:10:     layout_loops_corners, kennysheep_orc_monster_closet_entryway,
          serial_shops, shop, minmay_misc_feat_cross, uniq_urug, uniq_sonja,
          uniq_erolcha

Skill      XL: |  1  2  3  4  5  6  7  8  9 10 |
---------------+-------------------------------+-----
Dodging        | 3 |  3.3
Axes           | 4 6 7 8 |  8.9
Fighting       | 4 |  4.0
Maces & Flails | 2 7 10 | 10.7
Long Blades    | 2 5 |  5.4
Stealth        | |  0.6

Action                   |  1- 3 |  4- 6 |  7- 9 | 10-12 || total
-------------------------+-------+-------+-------+-------++-------
Melee: Hand axe          |   103 |   142 |    56 |       ||   301
       Tailslap          |    11 |    13 |    58 |    10 ||    92
       Whip              |       |       |   205 |       ||   205
       Double sword      |       |       |    28 |    55 ||    83
Invok: Berserk           |     2 |     4 |    18 |     5 ||    29
 Abil: Breathe Lightning |       |       |     1 |       ||     1
  Use: Scroll            |       |     6 |    11 |     7 ||    24
 Stab: Sleeping          |     1 |       |     2 |     1 ||     4
Armor: Skin              |    37 |    34 |    99 |    14 ||   184
Dodge: Dodged            |    82 |    87 |   164 |    31 ||   364
       Rpst.: Double sword |       |       |     6 |     5 ||    11

Table legend: (Time is in decaauts)
 A = Elapsed time spent in this place.
 B = Non-inter-level travel time spent in this place.
 C = Inter-level travel time spent in this place.
 D = Time resting spent in this place.
 E = Time spent auto-exploring this place.
 F = Levels seen in this place.
 G = Mean time per level.
                   A        B        C        D        E       F      G
               +--------+--------+--------+--------+--------+-----+--------+
         Total |   9546 |   9312 |    234 |   2325 |   5778 |  10 |  954.6 |
       Dungeon |   9546 |   9312 |    234 |   2325 |   5778 |  10 |  954.6 |
               +--------+--------+--------+--------+--------+-----+--------+

Top non-repeatable levels by time:
     D:3: 1255 daAuts
     D:8: 1191 daAuts
     D:7: 1168 daAuts
     D:2: 1118 daAuts
     D:4: 1117 daAuts
     D:6: 1059 daAuts
     D:1: 962 daAuts
     D:5: 876 daAuts
     D:9: 611 daAuts
    D:10: 186 daAuts
